 Dungeon Crawl Stone Soup version 0.31-a0-803-g95b03c3367 (webtiles) character file.

Game seed: 16277691827052352252

44 Shayle the Vexing (level 3, -4/36 HPs)
             Began as an Ogre Hexslinger on Sept 20, 2023.
             Slain by Sigmund
             ... wielding a +0 scythe
              (9 damage)
             ... on level 2 of the Dungeon.
             The game lasted 00:03:34 (1471 turns).

Shayle the Vexing (Ogre Hexslinger)                 Turns: 1471, Time: 00:03:34

Health: -4/36      AC:  3    Str: 12    XL:     3   Next: 60%
Magic:  6/6        EV: 10    Int: 16    God:
Gold:   47         SH:  0    Dex: 11    Spells: 6/6 levels left

rFire   . . .        d - +1 whip (distort)
rCold   . . .        (no shield)
rNeg    . . .        c - +0 robe
rPois   .            (helmet restricted)
rElec   .            (no cloak)
rCorr   .            (gloves unavailable)
SInv    .            (boots unavailable)
Will    .....        (no amulet)
Stlth   +            (no ring)
HPRegen 0.26/turn    (no ring)
MPRegen 0.10/turn

%: no passive effects
@: attractive, hasted, very quick
A: large, unfitting armour, tough skin 1
a: no special abilities


You were on level 2 of the Dungeon.
You visited 1 branch of the dungeon, and saw 2 of its levels.

You collected 47 gold pieces.

Inventory:

Hand Weapons
 a - a +1 sling
 d - a +1 whip of distortion (weapon)
 e - a +2 rapier of electrocution
Armour
 c - a +0 robe (worn)
Jewellery
 f - a ring of flight
Talismans
 h - a flux talisman
 l - a serpent talisman
Scrolls
 g - 2 scrolls of teleportation {unknown}
 i - a scroll of fear {unknown}
 n - a scroll of vulnerability {unknown}
Potions
 j - a potion of berserk rage {unknown}


   Skills:
 + Level 2.4 Fighting
 - Level 1.3 Ranged Weapons
 + Level 1.0 Armour
 - Level 1.7 Dodging
 + Level 2.1 Spellcasting
 - Level 2.6 Hexes
 + Level 1.6 Fire Magic


You had 6 spell levels left.
You didn't know any spells.
Your spell library contained the following spells:

 Spells                   Type           Power      Damage    Failure   Level
 Jinxbite                 Hex            20%        N/A       11%         2
 Kiss of Death            Conj/Necr      4%         2d5       21%         1
 Confusing Touch          Hex            10%        N/A       21%         3
 Sigil of Binding         Hex            10%        N/A       21%         3
 Inner Flame              Hex/Fire       8%         N/A       26%         3
 Cause Fear               Hex            5%         N/A       56%         4
 Dimensional Bullseye     Hex/Tloc       2%         N/A       75%         4
 Dispel Undead            Necr           1%         3d6       90%         4


Dungeon Overview and Level Annotations

Branches:
Dungeon (2/15)

Altars:

Annotations:
D:2 Sigmund


Innate Abilities, Weirdness & Mutations

You are too large for most types of armour.
You have tough skin. (AC +1)


Message History

You shoot a sling bullet.
Fire: a) +1 sling
Press: ? - help, Q - select action Shift-Dir - straight line You shoot a sling bullet.
A puff of flame appears from out of thin air!
The puff of flame hits you.
Fire: a) +1 sling
Press: ? - help, Q - select action Shift-Dir - straight line, f - you Really target yourself? [Y]es or [N]o only, please.
Really target yourself? [Y]es or [N]o only, please.
Really target yourself?
Okay, then.
Fire: a) +1 sling
Press: ? - help, Q - select action Shift-Dir - straight line You shoot a sling bullet.
Fire: a) +1 sling
Press: ? - help, Q - select action Shift-Dir - straight line You shoot a sling bullet.
A magic dart appears from out of thin air!
The magic dart hits you.
A magic dart appears from out of thin air!
The magic dart hits you.
Fire: a) +1 sling
Press: ? - help, Q - select action Shift-Dir - straight line You shoot a sling bullet.
Fire: a) +1 sling
Press: ? - help, Q - select action Shift-Dir - straight line You shoot a sling bullet.
Space warps around you for a moment!
d - a +1 whip of distortion (weapon)
Something hits you!
* * * LOW HITPOINT WARNING * * *
You closely miss something. Something hits you.
* * * LOW HITPOINT WARNING * * *
It was a potion of attraction.
You feel attractive to monsters.
It was a potion of haste.
You feel yourself speed up. Something hits you!
You die...

##.....##
#.......#####
#...........#
#.......#.#.#
#####......#....#
#.........#.....#
#.###.###.##....##
#.# #.# #.###.....
#@###.# #.# #.#...
#.#...# #. #.###.
#.#.### ##.....
#.#.#####.##...###
#.°.......#.....#
###..............#
................
................
#................


There were no monsters in sight!

Vanquished Creatures
  An adder (D:2)
  2 dart slugs (D:1)
  6 bats
  3 endoplasms
  2 goblins (D:1)
  2 hobgoblins (D:1)
  A quokka (D:2)
  5 ball pythons
  2 frilled lizards (D:1)
  2 kobolds (D:1)
  4 rats
30 creatures vanquished.

Notes
Turn   | Place    | Note
-------+----------+-------------------------------------------
     0 | D:1      | Shayle the Ogre Hexslinger began the quest for the Orb.
     0 | D:1      | Reached XP level 1. HP: 19/19 MP: 2/2
    79 | D:1      | Reached skill level 1 in Fire Magic
   198 | D:1      | Reached XP level 2. HP: 18/28 MP: 2/4
   364 | D:1      | You fall into a shaft and drop 1 floor!
   645 | D:1      | Reached XP level 3. HP: 35/35 MP: 5/5
  1016 | D:2      | Reached skill level 1 in Armour
  1234 | D:2      | Found a faded altar of an unknown god.
  1415 | D:2      | Noticed Sigmund
  1471 | D:2      | Slain by Sigmund

Illustrated notes

Levels and vault maps discovered:
D:1:      amcnicky_arrival_single_pillar, layout_loops_ring
D:2:      layout_loops_corners, dreamdust_ecumenical_altar_hidden_monk_grotto,
          nicolae_figureground_sparkle, uniq_sigmund

Skill      XL: |  1  2  3 |
---------------+----------+-----
Fire Magic     | 1 |  1.6
Fighting       | 2 |  2.4
Spellcasting   | 2 |  2.1
Armour         | 1 |  1.0
Ranged Weapons | |  1.3
Dodging        | |  1.7
Hexes          | |  2.6

Action                     || total
---------------------------++-------
  Melee: Rapier            ||    58
         Punch             ||     1
         Whip              ||     1
   Fire: Sling             ||    24
    Use: Potion            ||     2
         Scroll            ||     1
   Stab: Sleeping          ||     1
 Armour: Robe              ||    55
  Dodge: Dodged            ||    44

Table legend: (Time is in decaauts)
 A = Elapsed time spent in this place.
 B = Non-inter-level travel time spent in this place.
 C = Inter-level travel time spent in this place.
 D = Time resting spent in this place.
 E = Time spent auto-exploring this place.
 F = Levels seen in this place.
 G = Mean time per level.
                   A        B        C        D        E       F      G
               +--------+--------+--------+--------+--------+-----+--------+
         Total |   1490 |   1476 |     14 |     31 |   1052 |   2 |  745.0 |
       Dungeon |   1490 |   1476 |     14 |     31 |   1052 |   2 |  745.0 |
               +--------+--------+--------+--------+--------+-----+--------+

Top non-repeatable levels by time:
     D:1: 753 daAuts
     D:2: 736 daAuts
